[Event "Esbjerg Efterår 2024 - Esbjergmesterskabet"]
[Site "Esbjerg, Denmark"]
[Date "2024.10.18"]
[Round "3.1"]
[White "Jacobsen, Mikkel Manosri"]
[Black "Hansen, Lars"]
[Result "1/2-1/2"]
[TimeControl "1.-3. 20 min + 5 sek, 4.-7. 90 min + 30 sek + 15 min efter 40 træk"]
[WhiteElo "2350"]
[BlackElo "2203"]

1. c4 b6 2. d4 e6 3. a3 Nf6 4. d5 Bb7 5. Nc3 Bd6 6. Nf3 O-O 7. g3 c6 8. Bg2 exd5 9. cxd5 Na6 10.
b4 cxd5 11. Nb5 Be7 12. O-O Nc7 13. Nxc7 Qxc7 14. Bb2 Ne4 15. Rc1 Qd8 16. Qb3 Bf6 17. Rfd1 Rc8 18. Nd4 Rxc1 19. Rxc1 Be5 20.
e3 h5 21. Rd1 Qf6 22. f4 Bxd4 23. Bxd4 Qg6 24. Qa4 h4 25. gxh4 Rc8 26. Rf1 Nd2 27. Qxd7 Nxf1 28. h5 1/2-1/2

[Event "Esbjerg Efterår 2024 - Esbjergmesterskabet"]
[Site "Esbjerg, Denmark"]
[Date "2024.10.18"]
[Round "3.2"]
[White "Perets, Dmytro"]
[Black "Medhus, Vitus Bondo"]
[Result "0-1"]
[TimeControl "1.-3. 20 min + 5 sek, 4.-7. 90 min + 30 sek + 15 min efter 40 træk"]
[WhiteElo "2152"]
[BlackElo "2246"]

1. e4 e5 2. Nf3 Nc6 3. Nc3 Nf6 4.
Nxe5 Nxe5 5. d4 Ng6 6. e5 Ng8 7. Bc4 c6 8. Qf3 d5 9. exd6 Qxd6 10. Qxf7+ Kd8 11. O-O Qf6 12. Bg5 Qxg5 13.
Rfe1 Bd7 14. Ne4 Qf5 15. Qxf5 Bxf5 16. Ng5 Nh6 17. d5 Kc7 18. dxc6 bxc6 19. Be6 Be7 20. Bxf5 Bxg5 0-1

[Event "Esbjerg Efterår 2024 - Esbjergmesterskabet"]
[Site "Esbjerg, Denmark"]
[Date "2024.10.18"]
[Round "3.3"]
[White "Løftgaard, Mikkel Vinh"]
[Black "Vinther, Christoffer"]
[Result "1-0"]
[TimeControl "1.-3. 20 min + 5 sek, 4.-7. 90 min + 30 sek + 15 min efter 40 træk"]
[WhiteElo "2209"]
[BlackElo "1800"]

1. Nc3 e5 2. d4 exd4 3. Qxd4 Nf6 4.
e4 b6 5.
e5 Nc6 6. Qf4 Qe7 7. Nf3 d6 8. Bb5 Bd7 9. Bxc6 Bxc6 10. O-O Nd7 11. exd6 Qxd6 12. Re1+ Be7 13. Nd4 Bb7 14. Nf5 Qc6 15.
Qg3 1-0

[Event "Esbjerg Efterår 2024 - Esbjergmesterskabet"]
[Site "Esbjerg, Denmark"]
[Date "2024.10.18"]
[Round "3.4"]
[White "Justesen, Asger"]
[Black "Rossen, Claus"]
[Result "0-1"]
[TimeControl "1.-3. 20 min + 5 sek, 4.-7. 90 min + 30 sek + 15 min efter 40 træk"]
[WhiteElo "2086"]
[BlackElo "2072"]

1. d4 Nf6 2. c4 g6 3. Nf3 Bg7 4. g3 O-O 5. Bg2 d5 6. cxd5 Nxd5 7. Nc3 Nxc3 8. bxc3 c5 9. O-O Nc6 10.
Be3 cxd4 11. cxd4 Be6 12. Qd2 Na5 13. Bh6 Bd5 14. Bxg7 Kxg7 15. Qf4 Qd6 16. Qh4 h6 17. e4 Bc4 18.
Rfe1 Rac8 19. Rad1 Bxa2 20. Ra1 Rc2 21. e5 Qd8 22. Qe4 Qc7 23. Nh4 e6 24. Qe3 Bd5 25. Bxd5 exd5 26. Ng2 Rc3 27.
Qf4 a6 28. Ne3 Rd8 29. Ng4 Rh8 30. Qf6+ Kh7 31. Rxa5 h5 32. Rxd5 hxg4 33. Qh4+ Kg7 34. Qf6+ Kh7 35. Qh4+ Kg7 36. Qxg4 Rc1 37. Rxc1 Qxc1+ 38. Kg2 Qc6 39. Qf3 b5 40. Rd6 Rxh2+ 0-1

[Event "Esbjerg Efterår 2024 - Esbjergmesterskabet"]
[Site "Esbjerg, Denmark"]
[Date "2024.10.18"]
[Round "3.5"]
[White "Hansen, Joshua Kehlet"]
[Black "Jensen, Henrik Tranberg"]
[Result "0-1"]
[TimeControl "1.-3. 20 min + 5 sek, 4.-7. 90 min + 30 sek + 15 min efter 40 træk"]
[WhiteElo "1819"]
[BlackElo "2014"]

1. Nf3 Nf6 2. e3 d5 3. b3 c5 4.
c4 Nc6 5. Bb2 Bg4 6. h3 Bh5 7. Be2 e6 8. Ne5 Bxe2 9. Qxe2 Bd6 10. Nxc6 bxc6 11. d4 O-O 12. Nc3 cxd4 13. exd4 e5 14.
dxe5 Bxe5 15. O-O-O Re8 16. Qf3 Qa5 17. cxd5 cxd5 18. Nxd5 Nxd5 19. Qxd5 Bxb2+ 20. Kxb2 Re2+ 21. Kc1 Qc3+ 0-1

[Event "Esbjerg Efterår 2024 - Esbjergmesterskabet"]
[Site "Esbjerg, Denmark"]
[Date "2024.10.18"]
[Round "3.6"]
[White "LIndgaard, Tobias Simon"]
[Black "Saravana, Vedant Kumar"]
[Result "0-1"]
[TimeControl "1.-3. 20 min + 5 sek, 4.-7. 90 min + 30 sek + 15 min efter 40 træk"]
[WhiteElo "1879"]
[BlackElo "2115"]

1. g3 e5 2. Bg2 d6 3. c4 f5 4. Nc3 Nf6 5. e3 Be7 6. Nge2 O-O 7. d4 c6 8. O-O Na6 9. Qb3 Kh8 10.
Rd1 Qc7 11. Bd2 Be6 12. Rac1 Qb6 13. Qxb6 axb6 14. d5 Bd7 15. a3 Nc5 16. Be1 e4 17. Nd4 Nd3 18. Rxd3 exd3 19. Rd1 cxd5 20.
cxd5 Rfe8 21. Rxd3 Rac8 22. Rd1 Bf8 23. Nce2 g5 24. Bc3 Bg7 25. Bh3 g4 26. Bg2 Ne4 27. Bxe4 fxe4 28. Nf4 Be5 29.
Kg2 Kg8 30. Nh5 Kf7 31. Rf1 Rc5 32. Nf4 Bxf4 33. gxf4 Rxd5 34. b4 Rc8 35. Bb2 Rh5 36. Rd1 Rg8 37. Ne2 g3 38. Nxg3 Ke7 39.
Bd4 Bg4 40. Rc1 Bf3+ 41. Kg1 Rb5 42. Kf1 Kd7 43. Ke1 h5 44. Rc4 h4 45. Ne2 Ra8 46. Nc3 Rf5 47. Nb1 d5 48. Rc3 Rg8 49.
Rc1 Rg1+ 50. Kd2 Rg2 51. Ke1 Rxh2 52. Bxb6 Rh1+ 53. Kd2 Rxc1 54. Kxc1 h3 0-1

[Event "Esbjerg Efterår 2024 - Esbjergmesterskabet"]
[Site "Esbjerg, Denmark"]
[Date "2024.10.18"]
[Round "3.7"]
[White "Guindy, Esmat Susanne"]
[Black "Paludan, Noah"]
[Result "1-0"]
[TimeControl "1.-3. 20 min + 5 sek, 4.-7. 90 min + 30 sek + 15 min efter 40 træk"]
[WhiteElo "2025"]
[BlackElo "1979"]

1. c4 Nf6 2. Nf3 g6 3. g3 Bg7 4. Bg2 O-O 5. O-O d6 6. d4 c5 7. Nc3 Nc6 8. d5 Na5 9. Nd2 e6 10.
e4 Rb8 11. dxe6 Bxe6 12. Qa4 a6 13.
Rd1 Re8 14. Bf1 Bd7 15. Qc2 b5 16.
Rb1 b4 17. Ne2 Nc6 18. b3 Qc8 19. Bb2 Bh3 20. f3 h5 21. Bxh3 Qxh3 22. Nf4 Qd7 23. Qd3 g5 24. Nd5 Nxd5 25.
cxd5 Nd4 26. Kg2 g4 27. f4 Qe7 28. Re1 h4 29. Bxd4 Bxd4 30. Nc4 hxg3 31. hxg3 Qf6 32. Rh1 Kg7 33. Rh4 Rh8 34. Rxg4+ Kf8 35. Rf1 Ke7 36. e5 dxe5 37.
fxe5 Qh6 38. d6+ Ke8 39. Rh4 Qg7 40. Rxh8+ Qxh8 41. Qf5 Qg7 42. e6 fxe6 1-0

[Event "Esbjerg Efterår 2024 - Esbjergmesterskabet"]
[Site "Esbjerg, Denmark"]
[Date "2024.10.18"]
[Round "3.8"]
[White "Husum, Lars"]
[Black "Desevac, Damir"]
[Result "0-1"]
[TimeControl "1.-3. 20 min + 5 sek, 4.-7. 90 min + 30 sek + 15 min efter 40 træk"]
[WhiteElo "2001"]
[BlackElo "1836"]

1. d4 Nf6 2. Bf4 d5 3. e3 c5 4. Nf3 Nc6 5. c3 e6 6. Nbd2 Bd6 7. Ne5 O-O 8. Bd3 Qb6 9. Rb1 Bxe5 10.
dxe5 Nd7 11. Qh5 f5 12. exf6 Nxf6 13. Qg5 h6 14. Qg3 Nh5 15. Qg6 Nxf4 16. Qh7+ Kf7 17. exf4 e5 18. Bg6+ Kf6 19.
fxe5+ Nxe5 20. Bc2 Bd7 21. f4 Ng4 22. Qg6+ Ke7 23. Qxg7+ Rf7 24. Qg6 Ke8 0-1